 Dungeon Crawl Stone Soup version 0.29-a0-289-g2178c42546 (webtiles) character file.

Game seed: 2227959043753405747

123 kae the Chopper (level 5, -2/47 HPs)
             Began as a Hill Orc Fighter on Mar 17, 2022.
             Splashed by a jelly's acid (4 damage)
             ... on level 4 of the Dungeon.
             The game lasted 00:00:56 (2632 turns).

kae the Chopper (Hill Orc Fighter)                  Turns: 2632, Time: 00:00:56

Health: -2/47      AC:  2    Str: 21    XL:     5   Next: 7%
Magic:  5/5        EV:  9    Int:  8    God:
Gold:   187        SH:  4    Dex: 10    Spells: 4/4 levels left

rFire   . . .      SeeInvis .   a - +0 war axe
rCold   . . .      Faith    .   c - +0 buckler
rNeg    . . .      Spirit   .   b - +0 scale mail
rPois   .          Reflect  .   (no helmet)
rElec   .          Harm     .   (no cloak)
rCorr   .          Rampage  .   (no gloves)
Will    .....                   (no boots)
Stlth   ..........              (no amulet)
HPRegen 0.15/turn               (no ring)
MPRegen 0.09/turn               (no ring)

@: corroded
A: no striking features
a: no special abilities


You were on level 4 of the Dungeon.
You visited 1 branch of the dungeon, and saw 4 of its levels.

You collected 187 gold pieces.

Inventory:

Hand Weapons
 a - a +0 war axe (weapon)
Armour
 b - a +0 scale mail (worn)
 c - a +0 buckler (worn)
Jewellery
 h - a ring of flight
Scrolls
 e - 3 scrolls of identify {unknown}
 j - a scroll of blinking {unknown}
 k - a scroll of fog {unknown}
 n - a scroll of summoning {unknown}
Potions
 d - a potion of might
 g - a potion of curing {unknown}
 i - 4 potions of haste {unknown}
 l - a potion of flight {unknown}
 m - 2 potions of resistance {unknown}


   Skills:
 + Level 4.9 Fighting
 * Level 5.7 Axes
 - Level 3.2 Armour
 - Level 3.2 Shields


You had 4 spell levels left.
You didn't know any spells.
Your spell library contained the following spells:

 Spells                   Type           Power      Damage    Failure   Level
 Sandblast                Erth           0%         2d4       83%         1
 Passwall                 Tmut/Erth      0%         N/A       93%         2
 Stone Arrow              Conj/Erth      0%         3d7       99%         3
 Animate Armour           Summ/Erth      0%         N/A       100%        4
 Lehudib's Crystal Spear  Conj/Erth      0%         10d2      100%        8


Dungeon Overview and Level Annotations

Branches:
Dungeon (4/15)
 Temple: D:4-7

Altars:

Shops:
D:4 =


Message History

The howler monkey hits you.
You closely miss the howler monkey.
The howler monkey is moderately wounded.
You feel sick. The howler monkey closely misses you.
You hit the howler monkey.
The howler monkey is severely wounded.
You feel sick.
You are no longer poisoned.
The howler monkey hits you but does no damage.
The howler monkey hoots and howls with incredible vigour!
You hear an angry hiss.
You hit the howler monkey.
The howler monkey is severely wounded.
The howler monkey hits you. x2
* * * LOW HITPOINT WARNING * * *
You slash the howler monkey!
You kill the howler monkey!
You have reached level 5!
You feel stronger.
There is an entrance to Oriew's Jewellery Boutique here.
You start resting.
An iguana comes into view.
A jelly comes into view.
The jelly quivers.
The jelly attacks as you move away! The jelly hits you.
You are splashed with acid!
* * * LOW HITPOINT WARNING * * *
Okay, then.
The jelly attacks as you move away! You block the jelly's attack.
The jelly attacks as you move away! The jelly completely misses you.
The jelly jiggles.
The jelly attacks as you move away! The jelly hits you but does no damage.
The jelly attacks as you move away! The jelly hits you.
* * * LOW HITPOINT WARNING * * *
The acid corrodes you!
You are splashed with acid.
* * * LOW HITPOINT WARNING * * *
The jelly attacks as you move away! The jelly hits you.
* * * LOW HITPOINT WARNING * * *
You are splashed with acid.
You die...

................
................
................
..................
....................
..............l............
..............................
...............(J.............
................@..............
...............................
#..............................
..................##...........
.#...............####..........
...........###...# #..........
..........####..## ##.........
..........###...# ##........
..........##...## ##.........


You could see an iguana and a jelly.

Vanquished Creatures
  A howler monkey (D:4)
  An adder (D:4)
  6 worms
  3 dart slugs
  7 endoplasms
  2 giant cockroaches
  4 hobgoblins
  4 quokkas
  4 ball pythons
  2 bats (D:1)
  4 frilled lizards
  7 goblins
  5 kobolds
  3 rats
53 creatures vanquished.

Notes
Turn   | Place    | Note
-------+----------+-------------------------------------------
     0 | D:1      | kae the Hill Orc Fighter began the quest for the Orb.
     0 | D:1      | Reached XP level 1. HP: 19/19 MP: 1/1
   114 | D:1      | Reached skill level 3 in Axes
   159 | D:1      | Reached XP level 2. HP: 21/27 MP: 2/2
   614 | D:2      | Reached skill level 4 in Axes
   821 | D:2      | Reached XP level 3. HP: 27/30 MP: 3/3
  1739 | D:3      | Reached XP level 4. HP: 41/41 MP: 4/4
  2213 | D:3      | Reached skill level 5 in Axes
  2564 | D:4      | Found Oriew's Jewellery Boutique.
  2594 | D:4      | Reached XP level 5. HP: 13/47 MP: 5/5
  2632 | D:4      | HP: 2/47 [jelly (2)]
  2632 | D:4      | Splashed by a jelly's acid

Illustrated notes

Levels and vault maps discovered:
D:1:      minmay_arrival_open_corners, layout_rooms
D:2:      layout_basic, nrook_uturn
D:3:      layout_basic, kennysheep_generic_room_11
D:4:      layout_layer_cave, minmay_shop_enchanted_jewellery, item_on_display_a

Skill      XL: |  1  2  3  4 |
---------------+-------------+-----
Axes           | 3 4 5 |  5.7
Fighting       | 4 |  4.9
Armour         | |  3.2
Shields        | |  3.2

Action                   |  1- 3 |  4- 6 || total
-------------------------+-------+-------++-------
Melee: War axe           |   109 |    54 ||   163
  Use: Potion            |       |     1 ||     1
Armor: Scale mail        |    43 |    24 ||    67
Dodge: Dodged            |    52 |    23 ||    75
Block: Buckler           |    22 |     8 ||    30

Table legend: (Time is in decaauts)
 A = Elapsed time spent in this place.
 B = Non-inter-level travel time spent in this place.
 C = Inter-level travel time spent in this place.
 D = Time resting spent in this place.
 E = Time spent auto-exploring this place.
 F = Levels seen in this place.
 G = Mean time per level.
                   A        B        C        D        E       F      G
               +--------+--------+--------+--------+--------+-----+--------+
         Total |   2686 |   2623 |     63 |      6 |   2178 |   4 |  671.5 |
       Dungeon |   2686 |   2623 |     63 |      6 |   2178 |   4 |  671.5 |
               +--------+--------+--------+--------+--------+-----+--------+

Top non-repeatable levels by time:
     D:3: 1028 daAuts
     D:2: 882 daAuts
     D:1: 631 daAuts
     D:4: 143 daAuts
